 Dungeon Crawl Stone Soup version 0.30.1-9-gdf580d7c3d (webtiles) character file.

Game seed: 1791376138856067150

46753 monsoonserge the Thaumaturge (level 14, -3/105 HPs)
             Began as a Demonspawn Warper on Oct 24, 2023.
             Was a High Priest of Kikubaaqudgha.
             Shot with an arrow by Nessos (14 damage)
             ... on level 5 of the Lair of Beasts.
             The game lasted 01:32:00 (23594 turns).

monsoonserge the Thaumaturge (Demonspawn Warper)   Turns: 23594, Time: 01:32:01

Health: -3/105     AC: 20    Str: 25    XL:     14   Next: 6%
Magic:  30/30      EV: 11    Int: 26    God:    Kikubaaqudgha [*****.]
Gold:   1541       SH:  9    Dex: 14    Spells: 22/37 levels left

rFire   . . .        I - +11 mace "monsoonserge's Death" {freeze, rN++ Int+3}
rCold   x . .        U - +0 kite shield
rNeg    + + .        X - +5 chain mail of Satisfaction {Str+3}
rPois   .            s - +1 helmet
rElec   .            (cloak unavailable)
rCorr   .            (no gloves)
SInv    .            (no boots)
Will    ++...        L - amulet of magic regeneration Stlth
                     S - ring of Tupeitt {rC- Will+ Str+4 Int+5}
HPRegen 0.37/turn    R - +6 ring of strength
MPRegen 0.62/turn

%: no passive effects
@: no status effects
A: icy blue scales 1, foul stench 3, weakness stinger 3
a: Renounce Religion, Unearth Wretches, Torment


You were on level 5 of the Lair of Beasts.
You worshipped Kikubaaqudgha.
Kikubaaqudgha was extremely pleased with you.
You visited 4 branches of the dungeon, and saw 19 of its levels.

You collected 1700 gold pieces.
You spent 159 gold pieces at shops.

Inventory:

Hand Weapons
 I - the +11 mace "monsoonserge's Death" (weapon) {freeze, rN++ Int+3}
   (You found it on level 6 of the Dungeon)

   Int:       It affects your intelligence (+3).
   rN:        It greatly protects you from negative energy.
Missiles
 d - 6 javelins
 j - 8 poisoned darts (quivered)
 m - 6 boomerangs of dispersal
 p - 2 throwing nets
 A - 4 datura-tipped darts
 T - 4 boomerangs
 Z - 2 curare-tipped darts
Armour
 a - the +6 chain mail of Fashionability {Fly}
   (You took it off a wight on level 8 of the Dungeon)

   Fly:       It grants you flight.
 b - the +1 robe "Buraoc" {rElec}
   (You bought it in a shop on level 7 of the Dungeon)

   rElec:     It insulates you from electricity.
 f - a +2 robe of positive energy
 s - a +1 helmet (worn)
 x - +0 acid dragon scales
 B - a +2 leather armour of fire resistance
 U - a +0 kite shield (worn)
 X - the +5 chain mail of Satisfaction (worn) {Str+3}
   (You found it on level 1 of the Lair of Beasts)

   Str:       It affects your strength (+3).
Jewellery
 L - an amulet of magic regeneration (around neck)
 R - a +6 ring of strength (right hand)
 S - the ring of Tupeitt (left hand) {rC- Will+ Str+4 Int+5}
   (You found it on level 8 of the Dungeon)

   [ring of willpower]

   Str:       It affects your strength (+4).
   Int:       It affects your intelligence (+5).
   rC:        It makes you vulnerable to cold.
   Will:      It increases your willpower.
 V - a ring of resist corrosion
Wands
 r - a wand of mindburst (10)
 K - a wand of flame (23)
 M - a wand of paralysis (7)
 N - a wand of polymorph (11)
 P - a wand of roots (22)
 Y - a wand of digging (2)
Scrolls
 c - 2 scrolls of blinking
 e - 2 scrolls of immolation
 i - 4 scrolls of amnesia
 n - a scroll of silence
 o - a scroll of teleportation
 q - 3 scrolls of poison
 t - 5 scrolls of enchant armour
 u - 5 scrolls of torment {unknown}
 v - a scroll of enchant weapon
 O - a scroll of brand weapon
 Q - 2 scrolls of fear
 W - a scroll of vulnerability
Potions
 g - a potion of magic
 h - 3 potions of flight
 k - 4 potions of resistance
 l - 2 potions of curing
 w - 2 potions of haste
 z - 3 potions of lignification
 C - 5 potions of heal wounds
 D - a potion of berserk rage
 E - a potion of ambrosia
 G - 2 potions of cancellation
 H - 3 potions of might
 J - 3 potions of mutation
Miscellaneous
 y - a phial of floods
 F - a box of beasts


   Skills:
 + Level 8.2 Fighting
 - Level 5.3 Long Blades
 + Level 10.2 Maces & Flails
 + Level 2.2 Throwing
 * Level 9.0 Armour
 + Level 7.3 Dodging
 + Level 3.5 Stealth
 * Level 3.7 Shields
 - Level 12.0 Spellcasting
 * Level 6.9 Necromancy
 * Level 7.4 Translocations
 - Level 3.0 Fire Magic
 - Level 3.0 Air Magic
 + Level 2.0 Evocations


You had 22 spell levels left.
You knew the following spells:

 Your Spells              Type           Power      Damage    Failure   Level
a - Blink                 Tloc           100%       N/A       2%          2
b - Manifold Assault      Tloc           53%        N/A       16%         4
c - Volatile Blastmotes   Fire/Tloc      84%        2d17      12%         3
d - Vhi's Electric Charg  Tloc/Air       84%        N/A       12%         3
e - Necrotise             Necr           100%       1d9       1%          1
f - Sublimation of Blood  Necr           51%        N/A       3%          2

Your spell library contained the following spells:

 Spells                   Type           Power      Damage    Failure   Level
 Lesser Beckoning         Tloc           100%       N/A       2%          2
 Teleport Other           Tloc           53%        N/A       4%          3
 Kiss of Death            Conj/Necr      100%       2d13      9%          1
 Cigotuvi's Dreadful Rot  Necr/Pois/Air  64%        N/A       13%         2
 Portal Projectile        Hex/Tloc       70%        N/A       22%         3
 Poisonous Vapours        Pois/Air       46%        N/A       26%         2
 Beastly Appendage        Tmut           30%        N/A       32%         1
 Ensorcelled Hibernation  Hex/Ice        30%        N/A       45%         2
 Wereblood                Tmut           15%        N/A       45%         2
 Agony                    Necr           51%        N/A       47%         5
 Mephitic Cloud           Conj/Pois/Air  20%        N/A       54%         3
 Iskenderun's Mystic Bla  Conj/Tloc      35%        2d8       58%         4
 Anguish                  Hex/Necr       16%        N/A       63%         4
 Call Canine Familiar     Summ           15%        N/A       69%         3
 Hailstorm                Conj/Ice       15%        3d5       69%         3
 Spider Form              Tmut/Pois      15%        N/A       69%         3
 Summon Guardian Golem    Hex/Summ       15%        N/A       69%         3
 Tukima's Dance           Hex            15%        N/A       69%         3
 Borgnjor's Vile Clutch   Necr/Erth      16%        N/A       92%         5
 Death Channel            Necr           25%        N/A       96%         6
 Fulminant Prism          Conj/Hex       7%         3d7       97%         4
 Ice Form                 Ice/Tmut       15%        N/A       97%         4
 Leda's Liquefaction      Hex/Erth       7%         N/A       97%         4
 Fireball                 Conj/Fire      11%        3d7       99%         5
 Freezing Cloud           Conj/Ice/Air   10%        6-21      99%         5
 Iskenderun's Battlesphe  Conj           15%        2d7       100%        5
 Lee's Rapid Deconstruct  Erth           7%         3d7*      100%        5
 Conjure Ball Lightning   Conj/Air       11%        3x3d6     100%        6
 Simulacrum               Ice/Necr       16%        N/A       100%        6
 Orb of Destruction       Conj           7%         9d6       100%        7
 Spellforged Servitor     Conj/Summ      7%         N/A       100%        7
 Summon Hydra             Summ           7%         N/A       100%        7
 Death's Door             Necr           25%        N/A       100%        9


Dungeon Overview and Level Annotations

Branches:
Dungeon (12/15)            Temple (1/1) D:6            Lair (5/5) D:9
  Swamp (0/4) Lair:2        Snake (0/4) Lair:3          Orc (1/2) D:11
  Slime: Lair:4-5

Altars:
Ashenzari
Cheibriados
Dithmenos
Fedhas
Gozag
Hepliaklqana
Kikubaaqudgha
Makhleb
Nemelex Xobeh
Okawaru
Qazlal
Ru
Sif Muna
Trog
Uskayaw
Vehumet
Wu Jian
Xom
Yredelemnul

Shops:
D:7 :[   D:12 (

Portals:
Abyss: Lair:4

Annotations:
Lair:4 2 transporters, Scypho's ghost, journeyman MiFi
Lair:5 Nessos


Innate Abilities, Weirdness & Mutations

You are partially covered in icy blue scales. (AC +2)
You frequently emit foul miasma when damaged in melee.
You have a sharp stinger which inflicts weakening toxins.


Message History

The arrow hits you.
* * * LOW HITPOINT WARNING * * *
The arrow burns you.
You are poisoned.
* * * LOW HITPOINT WARNING * * *
Nessos shoots an arrow.
The arrow barely misses you.
As you read the scroll of fear, it crumbles to dust.
You assume a fearsome visage.
Nessos looks frightened!
You feel sick.
Nessos mumbles some strange words.
Nessos blinks!
Nessos gestures wildly while chanting.
Nessos blinks!
You are mildly poisoned (15 -> 10).
Your movement speed is average.
Your attack delay is about 1.0 (and is slowed by your shield).
Your damage rating with the +11 mace "monsoonserge's Death" {freeze, rN++ Int+3} is about 26 (Base 8 x 137% (Str) x 136% (Skill) + 11 (Ench)).
Your base attributes are Str 12, Int 18, Dex 14.
You feel sick.
Nessos gestures wildly while chanting.
Nessos blinks!
Nessos casts a spell.
Nessos blinks!
You feel sick.
Press: ? - help, v - describe, . - travel
Here: Nessos, wielding a +2 longbow of flaming and wearing a +0 barding (lightly wounded, fast)
The floor.
You feel sick.
Blink to where?
Press: ? - help, Dir - move target
As you read the scroll of blinking, it crumbles to dust.
You feel sick.
You feel sick.
You feel sick.
You are no longer poisoned.
Nessos shoots an arrow.
The arrow closely misses you.
Nessos gestures wildly while chanting.
Nessos blinks!
Nessos seems to regain their courage.
Nessos shoots an arrow.
The arrow hits you!
You die...
Kikubaaqudgha rasps: "You have failed me!
Welcome... death!"

# .........P....##
.[.............##
#.##...†........## #
###...........# ### ##§..........
..## #####.#.......P.# ...#####
###.........#)..... .......#
##............##...# .#.....#
####..@.c.........#....
#....######.............#.P[....#
#....####..........###...........
#....##.....#..#...# ####........
#...........#.###..# #........
##..#...##.#.## #### ##..#....
##.##.####### ###..... ######
###..# ###.


You could see Nessos (fast).

Vanquished Creatures
  An orc warlord (Orc:1)
  Snorg (Orc:1)
  Harold (D:9)
  A two-headed ogre (D:10)
  Erica (D:8)
  3 death yaks (Lair:3)
  Sonja (Lair:2)
  2 skysharks
  Lodul (D:11)
  2 lindwurms (Lair:5)
  An orc sorcerer (Orc:1)
  A manticore (Orc:1)
  2 cyclopes
  10 elephants
  Maurice (D:8)
  A molten gargoyle (Lair:5)
  5 black mambas
  Joseph (D:8)
  3 torpor snails
  7 cane toads
  2 gargoyles (D:11)
  Maggie (D:7)
  A rime drake (Lair:1)
  3 trolls
  9 komodo dragons
  A polar bear (Lair:5)
  3 hornets
  Prince Ribbit (D:5)
  25 blink frogs
  5 dream sheep (Lair:4)
  Sigmund (D:3)
  A shadow (D:10)
  A vampire (D:9)
  6 wyverns
  43 yaks
  3 basilisks
  4 steam dragons
  2 wargs (Orc:1)
  An acid dragon (Orc:1)
  4 hell hounds (Lair:5)
  27 water moccasins
  8 orc warriors
  6 black bears
  2 sky beasts (D:7)
  An ice beast (D:7)
  8 ogres
  4 centaurs
  13 wolves
  12 bullfrogs
  A kobold brigand (D:7)
  5 scorpions
  4 wights (D:8)
  A killer bee (D:7)
  4 howler monkeys
  A hound (D:6)
  2 jellies
  4 iguanas
  8 orc priests
  Crazy Yiuf (D:7)
  Jessica (D:3)
  7 orc wizards
  8 gnolls
  5 adders
  2 white imps (D:5)
  A worm (D:2)
  3 dart slugs
  47 orcs
  4 ball pythons
  10 bats
  7 endoplasms
  5 giant cockroaches
  7 goblins
  5 hobgoblins
  2 jackals (D:1)
  6 kobolds
  8 quokkas
  4 frilled lizards
  6 rats
413 creatures vanquished.

Notes
Turn   | Place    | Note
-------+----------+-------------------------------------------
     0 | D:1      | monsoonserge the Demonspawn Warper began the quest for the
                  | Orb.
     0 | D:1      | Reached XP level 1. HP: 16/16 MP: 3/3
    82 | D:1      | Found a faded altar of an unknown god.
   185 | D:1      | Gained mutation: You have a small tail. [demonic ancestry]
   185 | D:1      | Reached XP level 2. HP: 21/22 MP: 5/5
   273 | D:1      | Reached skill level 1 in Armour
   574 | D:1      | Learned a level 2 spell: Blink
   761 | D:1      | Reached XP level 3. HP: 24/28 MP: 6/6
  1669 | D:3      | Noticed Sigmund
  1962 | D:3      | Noticed Jessica
  1965 | D:3      | Gained mutation: You may rarely emit foul miasma when
                  | damaged in melee. [demonic ancestry]
  1965 | D:3      | Reached XP level 4. HP: 33/34 MP: 7/7
  1972 | D:3      | Killed Jessica
  2114 | D:4      | Found a broken altar of Ashenzari.
  2180 | D:4      | Found a stormy altar of Qazlal.
  2187 | D:4      | Found a basalt altar of Yredelemnul.
  2236 | D:4      | Noticed a scorpion
  2260 | D:4      | Killed a scorpion
  2261 | D:4      | Gained mutation: You are partially covered in icy blue
                  | scales. (AC +2) [demonic ancestry]
  2261 | D:4      | Reached XP level 5. HP: 32/40 MP: 8/8
  2650 | D:4      | Gained mutation: You sometimes emit foul miasma when
                  | damaged in melee. [demonic ancestry]
  2650 | D:4      | Reached XP level 6. HP: 35/46 MP: 9/9
  2845 | D:4      | HP: 2/46 [ogre/+0 giant club (28)]
  2867 | D:5      | Entered Level 5 of the Dungeon
  3233 | D:4      | Noticed a yak
  3769 | D:5      | Reached XP level 7. HP: 48/52 MP: 10/10
  3854 | D:5      | Found a burning altar of Makhleb.
  4659 | D:5      | Noticed Prince Ribbit
  4665 | D:5      | Killed Prince Ribbit
  4745 | D:5      | Reached skill level 5 in Long Blades
  4882 | D:5      | Noticed a wyvern
  4896 | D:5      | Killed a wyvern
  4897 | D:5      | Reached skill level 5 in Armour
  4897 | D:5      | Reached XP level 8. HP: 32/58 MP: 6/11
  5512 | D:6      | Identified the +11 mace "monsoonserge's Death" {freeze,
                  | rN++ Int+3}
  6098 | D:3      | Killed Sigmund
  6099 | D:3      | Reached skill level 1 in Maces & Flails
  6393 | D:4      | Found a hazy altar of Hepliaklqana.
  6398 | D:4      | Found a sparkling altar of Nemelex Xobeh.
  6901 | D:6      | Found a staircase to the Ecumenical Temple.
  6934 | Temple   | Entered the Ecumenical Temple
  7133 | D:6      | Found a radiant altar of Vehumet.
  7160 | D:6      | Found an ancient bone altar of Kikubaaqudgha.
  7221 | D:6      | Reached skill level 1 in Stealth
  7232 | D:6      | Reached skill level 3 in Spellcasting
  7232 | D:6      | Gained mutation: You have a tail ending in a sharp stinger.
                  | [demonic ancestry]
  7232 | D:6      | Reached XP level 9. HP: 15/65 MP: 13/13
  7597 | D:6      | Became a worshipper of Kikubaaqudgha
  7803 | D:7      | Reached skill level 4 in Spellcasting
  8193 | D:7      | Found Fawuurol's Antique Armour Boutique.
  8203 | D:7      | You fall into a shaft and drop 2 floors!
  8220 | D:8      | Noticed Maurice
  8242 | D:8      | Noticed Erica
  8243 | D:8      | Identified the +6 chain mail of Fashionability {Fly}
  8251 | D:8      | Killed Erica
  8252 | D:8      | Reached skill level 1 in Evocations
  8252 | D:8      | HP: 1/66 [poisoned by you (poison gas)]
  8267 | D:8      | Noticed Joseph
  8564 | D:9      | Found a hide-covered altar of Uskayaw.
  8601 | D:9      | Reached skill level 5 in Spellcasting
  9043 | D:9      | Reached skill level 5 in Maces & Flails
  9043 | D:9      | Reached XP level 10. HP: 73/73 MP: 17/17
  9045 | D:9      | Reached skill level 1 in Throwing
  9056 | D:9      | Paralysed by a hornet for 3 turns
  9265 | D:9      | Reached skill level 5 in Dodging
  9286 | D:9      | Reached skill level 6 in Spellcasting
  9293 | D:9      | HP: 3/73 [troll (6)]
  9296 | D:9      | Reached skill level 5 in Fighting
  9548 | D:9      | Paralysed by a hornet for 3 turns
  9615 | D:9      | Learned a level 4 spell: Manifold Assault
  9739 | D:9      | Noticed Harold
  9984 | D:7      | Bought a colourful robe for 159 gold pieces
  9984 | D:7      | Identified the +1 robe "Buraoc" {rElec} (You bought it in a
                  | shop on level 7 of the Dungeon)
 10113 | D:7      | Found a broken altar of Ashenzari.
 10272 | D:7      | Reached * piety under Kikubaaqudgha
 10272 | D:7      | Received a gift from Kikubaaqudgha
 10276 | D:7      | Learned a level 1 spell: Necrotise
 10280 | D:7      | Learned a level 3 spell: Vhi's Electric Charge
 10284 | D:7      | Learned a level 3 spell: Volatile Blastmotes
 10332 | D:7      | Found Baon's Tremendous Tomes.
 10408 | D:7      | Noticed Maggie
 10418 | D:7      | Killed Maggie
 10544 | D:7      | Found a runed translucent door.
 10545 | D:7      | Noticed Crazy Yiuf
 10550 | D:7      | Killed Crazy Yiuf
 10902 | D:8      | Killed Maurice
 10903 | D:8      | Reached skill level 7 in Spellcasting
 10903 | D:8      | Reached skill level 1 in Necromancy
 10983 | D:8      | Found an ornate altar of the Wu Jian Council.
 11038 | D:8      | Identified the +6 mace of Unim {drain, rPois rC- Will+}
 11050 | D:8      | Reached skill level 1 in Fire Magic
 11050 | D:8      | Reached skill level 1 in Air Magic
 11520 | D:8      | Killed Joseph
 11647 | D:8      | Identified the ring of Tupeitt {rC- Will+ Str+4 Int+5}
 11740 | D:8      | Gained mutation: You have a sharp stinger which inflicts
                  | weakening toxins. [demonic ancestry]
 11740 | D:8      | Reached XP level 11. HP: 53/80 MP: 22/22
 11865 | D:9      | Found a staircase to the Lair.
 11933 | D:9      | Killed Harold
 11934 | D:9      | Reached skill level 5 in Translocations
 12249 | D:10     | Entered Level 10 of the Dungeon
 12249 | D:10     | Found an iron altar of Okawaru.
 12261 | D:10     | Noticed a two-headed ogre
 12271 | D:10     | Killed a two-headed ogre
 12515 | D:10     | Reached skill level 8 in Spellcasting
 12605 | D:10     | Reached ** piety under Kikubaaqudgha
 12791 | D:10     | Reached skill level 9 in Spellcasting
 13411 | D:10     | Learned a level 2 spell: Sublimation of Blood
 13653 | D:11     | Reached skill level 10 in Spellcasting
 13719 | D:11     | Found a staircase to the Orcish Mines.
 13834 | D:11     | Got the Volume of the Captivating Charnel House
 13853 | D:11     | Noticed Lodul
 13885 | D:12     | Identified the +1 robe "Huches" {Drain rC+ Stlth+}
 13938 | D:12     | Noticed a green ugly thing
 13941 | D:12     | Found Vuoc's Antique Weapon Shop.
 14295 | D:11     | Killed Lodul
 14496 | Orc:1    | Entered Level 1 of the Orcish Mines
 14505 | Orc:1    | Reached skill level 11 in Spellcasting
 14612 | Orc:1    | Gained mutation: You frequently emit foul miasma when
                  | damaged in melee. [demonic ancestry]
 14612 | Orc:1    | Reached XP level 12. HP: 76/89 MP: 27/27
 14617 | Orc:1    | Reached *** piety under Kikubaaqudgha
 14617 | Orc:1    | Received a gift from Kikubaaqudgha
 14653 | Orc:1    | Noticed an orc warlord
 14710 | Orc:1    | Killed an orc warlord
 14770 | Orc:1    | Noticed Snorg
 14791 | Orc:1    | Killed Snorg
 15884 | Lair:1   | Entered Level 1 of the Lair of Beasts
 16425 | Lair:1   | Identified the +5 chain mail of Satisfaction {Str+3}
 17396 | Lair:2   | Noticed Sonja
 17402 | Lair:2   | Killed Sonja
 17730 | Lair:2   | Reached **** piety under Kikubaaqudgha
 18303 | Lair:2   | Found a staircase to the Swamp.
 18337 | Lair:2   | Identified the +0 leather armour of Card Tricks {Rampage
                  | rC- Will+ Int+3}
 18398 | Lair:2   | Reached skill level 12 in Spellcasting
 19033 | Lair:2   | Reached XP level 13. HP: 69/96 MP: 29/29
 19052 | Lair:2   | Reached skill level 1 in Shields
 19166 | Lair:2   | Reached skill level 5 in Necromancy
 19469 | Lair:3   | Found a staircase to the Snake Pit.
 19750 | Lair:3   | Reached ***** piety under Kikubaaqudgha
 20268 | Lair:3   | Found a snail-covered altar of Cheibriados.
 20955 | Lair:4   | Found a transporter.
 20955 | Lair:4   | Found a transporter.
 20957 | Lair:4   | Found a one-way gate to the infinite horrors of the Abyss.
 20957 | Lair:4   | Noticed Scypho's ghost (journeyman MiFi)
 22218 | Lair:5   | Entered Level 5 of the Lair of Beasts
 22218 | Lair:5   | Noticed Nessos
 22246 | Lair:5   | Reached skill level 10 in Maces & Flails
 23078 | Lair:5   | Reached XP level 14. HP: 60/105 MP: 30/30
 23579 | Lair:5   | HP: 4/105 [poisoned by Nessos]
 23594 | Lair:5   | Shot with an arrow by Nessos

Illustrated notes

Levels and vault maps discovered:
D:1:      mushboom_english_gardens, layout_loops_cross,
          shapermc_ecumenical_altar_starsandcircs
D:2:      layout_loops_ring
D:3:      minmay_chambers_of_twos, layout_rooms, nicolae_tso_carved_into_rock,
          uniq_sigmund, uniq_jessica
D:4:      cheibrodos_pilgrimage, layout_basic, nicolae_ashenzari_panopticon,
          minmay_overflow_temple_star_quad, mainiacjoe_overflow_big_doors,
          minmay_manual_maat
D:5:      black_bear_nest_2, layout_gridville, bloody_makhleb,
          amcnicky_mini_pool_small, uniq_prince_ribbit1
D:6:      layout_rooms, mainiacjoe_overflow_tiny_flanked,
          mainiacjoe_overflow_alcove_1, minmay_temple_entry_sparse_star
D:7:      layout_layer_cave, serial_shops, nicolae_shop_window_shopping,
          kennysheep_another_room, st_stairs_7, nicolae_shop_i_like_big_books,
          kennysheep_small_circle, uniq_crazy_yiuf_cottage, uniq_maggie
D:8:      layout_rooms, mainiacjoe_overflow_cross_hatched, uniq_erica,
          uniq_joseph, uniq_maurice
D:9:      layout_roguey, mainiacjoe_overflow_boulevard, minmay_lair_entry_grove,
          uniq_harold
D:10:     layout_gridville, okawaru_gym_becter
D:11:     layout_gridville, minmay_orc_entry_temple_large, uniq_lodul
D:12:     nicolae_hitomezashi [nicolae_hito_row, nicolae_hito_row,
          nicolae_hito_row, nicolae_hito_row, nicolae_hito_row,
          nicolae_hito_row, nicolae_hito_row, nicolae_hito_row,
          nicolae_hito_row, nicolae_hito_row, nicolae_hito_row,
          nicolae_hito_row, nicolae_hito_row, nicolae_hito_row,
          nicolae_hito_row, nicolae_hito_row, nicolae_hito_row,
          nicolae_hito_row], layout_cave_pools, serial_shops,
          nicolae_diamond_shop
Temple:   chequers_temple_sunken
Lair:1:   layout_regular_city, gauntlet_entry_generic
Lair:2:   layout_cave_pods, swamp_mist_pool, uniq_sonja
Lair:3:   layout_cave_pods, minmay_snake_entry_six_corridors,
          kennysheep_snail_temple
Lair:4:   layout_small_grid, gammafunk_ghost_abyssal_escape,
          chequers_serial_rivers_small_a, infiniplex_staircase_pool_2
Lair:5:   cheibrodos_lair_end_hotspot, layout_misc_corridors, slime_entry_1,
          chequers_serial_rivers_large_b, uniq_nessos
Orc:1:    layout_caves, basic_altar, uniq_snorg

Skill      XL: |  1  2  3  4  5  6  7  8  9 10 11 12 13 14 |
---------------+-------------------------------------------+-----
Dodging        | 2 3 4 5 6 7 |  7.3
Armour         | 1 2 3 5 6 7 8 9 |  9.0
Long Blades    | 2 3 4 5 |  5.3
Translocations | 3 4 5 6 7 |  7.4
Fighting       | 3 4 5 6 7 8 |  8.2
Maces & Flails | 3 5 6 8 9 10 | 10.2
Stealth        | 1 2 3 |  3.5
Spellcasting   | 3 5 7 11 12 | 12.0
Evocations     | 1 2 |  2.0
Throwing       | 1 2 |  2.2
Necromancy     | 2 4 6 |  6.9
Fire Magic     | 1 3 |  3.0
Air Magic      | 1 3 |  3.0
Shields        | 3 |  3.7

Action                     |  1- 3 |  4- 6 |  7- 9 | 10-12 | 13-15 || total
---------------------------+-------+-------+-------+-------+-------++-------
  Melee: Falchion          |   201 |   154 |    90 |       |       ||   445
         Tailslap          |    11 |    24 |    43 |    69 |    51 ||   198
         Punch             |     2 |     2 |     5 |     4 |       ||    13
         Mace              |       |       |   144 |   602 |   380 ||  1126
  Throw: Boomerang         |       |     1 |       |     2 |       ||     3
         Javelin           |       |       |     3 |    11 |       ||    14
         Dart              |       |       |       |     6 |     7 ||    13
   Cast: Blink             |       |     3 |     8 |    15 |     5 ||    31
         Vhi's Electric Ch |       |       |       |     6 |       ||     6
         Manifold Assault  |       |       |       |    38 |    14 ||    52
         Volatile Blastmot |       |       |       |    22 |     4 ||    26
         Necrotise         |       |       |       |     2 |       ||     2
  Evoke: Wand              |       |       |     1 |     1 |       ||     2
         Box of beasts     |       |       |       |     1 |       ||     1
    Use: Scroll            |       |       |    13 |     9 |     5 ||    27
         Potion            |       |       |     6 |     7 |     5 ||    18
   Stab: Sleeping          |       |       |       |     4 |       ||     4
 Armour: Leather armour    |    34 |       |       |       |       ||    34
         Ring mail         |    66 |    56 |    89 |       |       ||   211
         Steam dragon scal |       |       |     9 |   133 |       ||   142
         Chain mail        |       |       |       |    57 |   207 ||   264
  Dodge: Dodged            |   174 |    91 |   176 |   399 |   183 ||  1023
  Block: Kite shield       |       |       |       |    40 |   173 ||   213
